 Dungeon Crawl Stone Soup version 0.29.1-2-gbd0b4ee654 (webtiles) character file.

Game seed: 15309888615537200033

51 GorkyZ the Trooper (level 3, -4/29 HPs)
             Began as a Demonspawn Fighter on Nov 19, 2022.
             Slain by Sigmund
             ... wielding a +0 scythe
              (6 damage)
             ... on level 2 of the Dungeon.
             The game lasted 00:04:07 (1258 turns).

GorkyZ the Trooper (Demonspawn Fighter)             Turns: 1258, Time: 00:04:08

Health: -4/29      AC:  7    Str: 18    XL:     3   Next: 57%
Magic:  3/3        EV: 22    Int:  9    God:
Gold:   39         SH:  4    Dex: 12    Spells: 2/2 levels left

rFire   . . .      SeeInvis .   a - +0 flail
rCold   . . .      Faith    .   c - +0 buckler
rNeg    . . .      Spirit   .   b - +0 scale mail
rPois   .          Reflect  .   (no helmet)
rElec   .          Harm     .   (no cloak)
rCorr   .          Rampage  .   (no gloves)
Will    .....                   h - +0 pair of boots
Stlth   ..........              (no amulet)
HPRegen 0.09/turn               j - +4 ring of evasion
MPRegen 0.08/turn               l - +4 ring of evasion

@: agile
A: powered by pain 1
a: no special abilities


You were on level 2 of the Dungeon.
You visited 1 branch of the dungeon, and saw 2 of its levels.

You collected 39 gold pieces.

Inventory:

Hand Weapons
 a - a +0 flail (weapon)
Missiles
 g - 4 poisoned darts (quivered)
Armour
 b - a +0 scale mail (worn)
 c - a +0 buckler (worn)
 h - a +0 pair of boots (worn)
Jewellery
 j - a +4 ring of evasion (left hand)
 l - a +4 ring of evasion (right hand)
Scrolls
 f - 3 scrolls of fog {unknown}
 i - a scroll of poison {unknown}
 k - a scroll of enchant weapon {unknown}
Potions
 d - 2 potions of might
 e - a potion of magic {unknown}
 m - a potion of ambrosia {unknown}
 n - a potion of haste {unknown}


   Skills:
 + Level 3.3 Fighting
 + Level 2.2 Maces & Flails
 + Level 1.1 Throwing
 + Level 3.0 Armour
 + Level 3.0 Shields


You had 2 spell levels left.
You didn't know any spells.
Your spell library contained the following spells:

 Spells                   Type           Power      Damage    Failure   Level
 Shock                    Conj/Air       0%         1d3       86%         1
 Dazzling Flash           Conj/Hex       0%         N/A       99%         3
 Swiftness                Air            0%         N/A       99%         3
 Airstrike                Air            0%         2d(0-16)  100%        4
 Iskenderun's Mystic Bla  Conj/Tloc      0%         2d3       100%        4
 Starburst                Conj/Fire      0%         6d3       100%        6


Dungeon Overview and Level Annotations

Branches:
Dungeon (2/15)

Altars:

Shops:
D:2 (

Annotations:
D:2 Sigmund


Innate Abilities, Weirdness & Mutations

You sometimes gain a little power by taking damage.


Message History

No target in view!
No target in view!
You hit something. Something hits you but does no damage.
You closely miss something. Something hits you but does no damage.
You closely miss something.
You hear some strange, mumbled words.
A puff of flame appears from out of thin air!
The puff of flame hits you!
You barely miss something. Something hits you but does no damage.
You closely miss something.
You hear some strange, mumbled words.
Something tries to affect you, but you resist.
You miss something. Something barely misses you.
You hit something but do no damage.
You hear some strange, mumbled words.
You are confused.
You bump into the rock wall.
Something hits you but does no damage.
You bump into the rock wall.
You hear some strange, mumbled words.
You are more confused.
You miss something. Something hits you but does no damage.
You miss something. Something barely misses you.
You miss something. Something closely misses you.
You're too confused to move!
Something hits you!
You focus on the pain.
You feel agile all of a sudden.
You hear some strange, mumbled words.
A puff of flame appears from out of thin air!
The puff of flame hits you!
* * * LOW HITPOINT WARNING * * *
You hear some strange, mumbled words.
A puff of flame appears from out of thin air!
The puff of flame misses you.
You bump into the rock wall.
Something completely misses you.
You're too confused to move!
You feel less confused.
You closely miss something. Something hits you.
* * * LOW HITPOINT WARNING * * *
You miss something. Something hits you.
You die...

+ # .. ## ### #.
..... #.. .. ..###
#.# .# #+#.#
#.#..#### #.#.# #
#.###{#......
#.#.# # #....@...#
##.#.# #
#####.####
##..[.###
#.########....)...
#.................
############.#####
#.# #.# #.# #.#


There were no monsters in sight!

Vanquished Creatures
  2 adders (D:2)
  4 endoplasms
  A giant cockroach (D:1)
  A goblin (D:2)
  3 hobgoblins
  2 jackals (D:1)
  2 quokkas
  2 ball pythons (D:2)
  3 bats (D:1)
  2 frilled lizards (D:1)
  5 kobolds
  3 rats
30 creatures vanquished.

Notes
Turn   | Place    | Note
-------+----------+-------------------------------------------
     0 | D:1      | GorkyZ the Demonspawn Fighter began the quest for the Orb.
     0 | D:1      | Reached XP level 1. HP: 18/18 MP: 1/1
   246 | D:1      | Gained mutation: You sometimes gain a little power by
                  | taking damage. [demonic ancestry]
   246 | D:1      | Reached XP level 2. HP: 15/24 MP: 2/2
  1039 | D:2      | Reached XP level 3. HP: 29/29 MP: 3/3
  1050 | D:2      | Found Xorroschin's Weapon Emporium.
  1123 | D:2      | Reached skill level 1 in Throwing
  1232 | D:2      | Noticed Sigmund
  1258 | D:2      | Slain by Sigmund

Illustrated notes

Levels and vault maps discovered:
D:1:      eino_arrival_cavern_d, layout_loops_ring
D:2:      layout_loops_corners, serial_shops, nicolae_shop_crystal, uniq_sigmund

Skill      XL: |  1  2  3 |
---------------+----------+-----
Maces & Flails | 2 |  2.2
Armour         | 3 |  3.0
Shields        | 3 |  3.0
Throwing       | 1 |  1.1
Fighting       | |  3.3

Action                   || total
-------------------------++-------
Melee: Flail             ||   114
Armor: Scale mail        ||    63
Dodge: Dodged            ||    62
Block: Buckler           ||    33
